 Dungeon Crawl Stone Soup version 0.29-a0-194-g6e3aafee17 (webtiles) character file.

Game seed: 7853848856117824406

42 Demosthentine the Digger (level 3, -1/19 HPs)
             Began as a Gargoyle Earth Elementalist on Feb 22, 2022.
             Slain by a gnoll
             ... wielding a +0 spear
              (5 damage)
             ... on level 2 of the Dungeon.
             The game lasted 00:02:21 (1483 turns).

Demosthentine the Digger (GrEE)                     Turns: 1483, Time: 00:02:22

Health: -1/19      AC:  5    Str: 11    XL:     3   Next: 54%
Magic:  1/6        EV: 12    Int: 17    God:
Gold:   52         SH:  0    Dex: 10    Spells: 5/6 levels left

rFire   . . .      SeeInvis .   (no weapon)
rCold   . . .      Faith    .   (no shield)
rNeg    + . .      Spirit   .   b - +0 robe
rPois   ∞          Reflect  .   (no helmet)
rElec   +          Harm     .   (no cloak)
rCorr   .          Rampage  .   (no gloves)
Will    .....                   (no boots)
Stlth   ++........              (no amulet)
HPRegen 0.06/turn               (no ring)
MPRegen 0.10/turn               (no ring)

@: no status effects
A: sickness immunity, AC +3, negative energy resistance 1, electricity
resistance, torment resistance 1, petrification resistance
a: no special abilities


You were on level 2 of the Dungeon.
You visited 1 branch of the dungeon, and saw 2 of its levels.

You collected 52 gold pieces.

Inventory:

Missiles
 a - 63 stones
Armour
 b - a +0 robe (worn)
Jewellery
 d - an amulet of faith
Scrolls
 e - a scroll of teleportation
Potions
 c - a potion of brilliance
 g - a potion of haste {unknown}


   Skills:
 + Level 2.1 Dodging
 - Level 2.1 Stealth
 + Level 2.4 Spellcasting
 + Level 1.4 Transmutations
 + Level 4.1 Earth Magic


You had 5 spell levels left.
You knew the following spells:

 Your Spells              Type           Power      Damage    Failure   Level
a - Sandblast             Erth           32%        2d9       3%          1

Your spell library contained the following spells:

 Spells                   Type           Power      Damage    Failure   Level
 Passwall                 Tmut/Erth      9%         N/A       9%          2
 Stone Arrow              Conj/Erth      18%        3d8       24%         3
 Petrify                  Tmut/Erth      11%        N/A       52%         4


Dungeon Overview and Level Annotations

Branches:
Dungeon (2/15)

Altars:


Innate Abilities, Weirdness & Mutations

You are immune to sickness and miasma.
Your stone body is resilient. (AC +3)
You are immune to poison.
You resist negative energy. (rN+)
You are resistant to electric shocks. (rElec)
You are resistant to unholy torment.
You are immune to petrification.


Message History

You kill the gnoll!
Unknown command.
Casting: Sandblast (safe; 3% risk of failure)
Confirm with . or Enter, or press ? or * to list all spells.
Aiming: Sandblast (safe; 3% risk of failure)
Press: ? - help, Shift-Dir - straight line, f - gnoll
Aim: a gnoll, wielding a +0 whip (82% to hit)
The blast of sand hits the gnoll.
The gnoll is lightly wounded.
The gnoll shouts!
Unknown command.
Casting: Sandblast (safe; 3% risk of failure)
Confirm with . or Enter, or press ? or * to list all spells.
Aiming: Sandblast (safe; 3% risk of failure)
Press: ? - help, Shift-Dir - straight line, f/p - gnoll
Aim: a gnoll, wielding a +0 whip (lightly wounded, 82% to hit)
The blast of sand hits the gnoll!
The gnoll is almost dead.
The gnoll closely misses you.
Unknown command.
The gnoll hits you with a +0 whip. The gnoll barely misses you.
There is an open door here.
Casting: Sandblast (safe; 3% risk of failure)
Confirm with . or Enter, or press ? or * to list all spells.
Aiming: Sandblast (safe; 3% risk of failure)
Press: ? - help, Shift-Dir - straight line, f/p - gnoll
Aim: a gnoll, wielding a +0 whip (almost dead, 82% to hit)
The blast of sand hits the gnoll but does no damage.
The gnoll is almost dead.
Unknown command.
The gnoll hits you with a +0 whip.
The giant cockroach bites you but does no damage.
The giant cockroach bites you but does no damage.
The giant cockroach bites you but does no damage.
The gnoll misses you. The gnoll hits you with a +0 whip.
* * * LOW HITPOINT WARNING * * *
The gnoll hits you from afar with a +0 spear.
You die...

#.....##..#..≈..#≈....# #........
#.....##≈.#.≈≈≈≈'≈#'#######+#....
###.#.##.≈#_.≈≈≈'≈........# ....
#.#.##.≈#..≈.≈'≈........# ...
#.#.##≈.#≈.≈≈.#.#.......# ... #.
.# ##≈.≈≈##†#........ ..
≈.≈##≈#.≈g.###+### ##
≈8≈≈≈≈≈gg..## ## #≈..@B...#
≈≈≈≈≈######## #####


You could see 3 gnolls and a giant cockroach.

Vanquished Creatures
  A gnoll (D:2)
  An adder (D:2)
  4 endoplasms
  2 giant cockroaches (D:1)
  2 goblins
  A hobgoblin (D:1)
  2 jackals (D:1)
  3 kobolds (D:1)
  A bat (D:1)
  5 rats (D:1)
  A spectral goblin (D:2)
23 creatures vanquished.

Notes
Turn   | Place    | Note
-------+----------+-------------------------------------------
     0 | D:1      | Demosthentine the Gargoyle Earth Elementalist began the
                  | quest for the Orb.
     0 | D:1      | Reached XP level 1. HP: 10/10 MP: 3/3
   319 | D:1      | Reached skill level 1 in Transmutations
   376 | D:1      | Reached XP level 2. HP: 15/15 MP: 3/5
  1330 | D:2      | Found a faded altar of an unknown god.
  1346 | D:2      | Reached skill level 4 in Earth Magic
  1399 | D:2      | Reached XP level 3. HP: 19/19 MP: 2/6
  1483 | D:2      | Slain by a gnoll

Illustrated notes

Levels and vault maps discovered:
D:1:      lightli_arrival_windingriver, layout_basic, minmay_misc_feat_chi,
          skrybe_limestone_x, chequers_serial_rivers_room_a
D:2:      minmay_wonky_spiral, layout_basic,
          dreamdust_ecumenical_altar_drowned_temple

Skill      XL: |  1  2 |
---------------+-------+-----
Transmutations | 1 |  1.4
Earth Magic    | 4 |  4.1
Dodging        | 2 |  2.1
Stealth        | |  2.1
Spellcasting   | |  2.4

Action                   || total
-------------------------++-------
Melee: Unarmed           ||     2
 Cast: Sandblast         ||    40
  Use: Scroll            ||     3
Armor: Robe              ||     8
Dodge: Dodged            ||    14

Table legend: (Time is in decaauts)
 A = Elapsed time spent in this place.
 B = Non-inter-level travel time spent in this place.
 C = Inter-level travel time spent in this place.
 D = Time resting spent in this place.
 E = Time spent auto-exploring this place.
 F = Levels seen in this place.
 G = Mean time per level.
                   A        B        C        D        E       F      G
               +--------+--------+--------+--------+--------+-----+--------+
         Total |   1488 |   1465 |     23 |      0 |   1306 |   2 |  744.0 |
       Dungeon |   1488 |   1465 |     23 |      0 |   1306 |   2 |  744.0 |
               +--------+--------+--------+--------+--------+-----+--------+

Top non-repeatable levels by time:
     D:1: 1297 daAuts
     D:2: 191 daAuts
